 Dungeon Crawl Stone Soup version 0.21.1-1-g345015f (webtiles) character file.

85 Mirai the Conjurer (level 4, -1/24 HPs)
             Began as a Deep Elf Conjurer on Feb 18, 2018.
             Slain by an orc
             ... wielding a +0 club
              (2 damage)
             ... while paralysed
             ... on level 3 of the Dungeon.
             The game lasted 00:07:50 (1649 turns).

Mirai the Conjurer (Deep Elf Conjurer)              Turns: 1649, Time: 00:07:50

Health: -1/24      AC:  2    Str:  0 (3)  XL:     4   Next: 25%
Magic:  2/12       EV:  2    Int: 19 (21) God:
Gold:   119        SH:  0    Dex: 13 (15) Spells: 4/11 levels left

rFire    . . .     SeeInvis .   h - +0 dagger (elec)
rCold    + . .     Gourm    .   (no shield)
rNeg     . . .     Faith    .   d - +0 robe (curse)
rPois    .         Spirit   .   (no helmet)
rElec    .         Reflect  .   (no cloak)
rCorr    .         Harm     .   (no gloves)
MR       .....                  (no boots)
Stlth    ++........             (no amulet)
HPRegen  0.02/turn              l - ring of protection from cold
MPRegen  0.13/turn              n - +2 ring of slaying

@: paralysed, slowed, lost strength
A: repulsion field 1, blink, weak 1
a: Blink


You were on level 3 of the Dungeon.
You were not hungry.

You visited 1 branch of the dungeon, and saw 3 of its levels.

You collected 119 gold pieces.

Inventory:

Hand Weapons
 g - a +0 dagger
 h - a +0 dagger of electrocution (weapon)
 i - a +0 mace of holy wrath
 m - a +0 dagger
 u - a +0 dagger
Armour
 a - a +0 robe
 d - a cursed +0 robe (worn)
 k - a +0 leather armour
 v - a +0 leather armour
Jewellery
 l - a ring of protection from cold (left hand)
 n - a +2 ring of slaying (right hand)
 p - a +2 ring of dexterity
Scrolls
 e - a scroll of remove curse {unknown}
 j - a scroll of fear {unknown}
 o - 3 scrolls of noise {unknown}
 q - 3 scrolls of identify {unknown}
 r - 4 scrolls of magic mapping {unknown}
 s - a scroll of teleportation {unknown}
Books
 b - a book of Conjurations

   Spells                             Type                      Level
   a - Magic Dart                     Conjuration                  1
   b - Searing Ray                    Conjuration                  2
   c - Dazzling Spray                 Conjuration/Hexes            3
   d - Fulminant Prism                Conjuration/Hexes            4
   e - Force Lance                    Conjuration/Translocation    4
   f - Iskenderun's Mystic Blast      Conjuration                  4
Comestibles
 c - 9 rations
 f - 10 chunks of flesh


   Skills:
 + Level 2.8 Dodging
 + Level 2.9 Stealth
 + Level 4.0 Spellcasting
 + Level 5.6 Conjurations


You had 4 spell levels left.
You knew the following spells:

 Your Spells              Type           Power        Failure   Level  Hunger
a - Magic Dart            Conj           ####         1%          1    None
b - Searing Ray           Conj           ####..       1%          2    ##.....
c - Iskenderun's Mystic   Conj           ####....     13%         4    ####...


Dungeon Overview and Level Annotations

Branches:
Dungeon (3/15)

Altars:
Ashenzari
Kikubaaqudgha
Ru

Annotations:
D:2 Natasha


Innate Abilities, Weirdness & Mutations

You are surrounded by a mild repulsion field. (EV +2)
You can translocate small distances at will.
You are weak. (Str -2)


Message History

Press: ? - help, Shift-Dir - straight line, f - orc
Aim: an orc, wielding a flail and wearing a leather armour (heavily wounded)
The magic dart hits the orc.
The orc is heavily wounded.
Casting: Magic Dart
Confirm with . or Enter, or press ? or * to list all spells.
You don't have enough magic to cast that spell.
The orc misses you.
It was a potion of degeneration.
There was something very wrong with that liquid.
You feel weakened.
You have lost your strength.
You feel dopey.
You feel clumsy. The orc hits you with a flail.
* * * LOW HITPOINT WARNING * * *
The orc hits you with a club.
* * * LOW HITPOINT WARNING * * *
The orc priest hits you from afar with a trident.
* * * LOW HITPOINT WARNING * * *
The orc hits you with a club.
You die...

######...##
##....##
#.........#
##..####
#.........###...#
#......รท......###
#.........#....#
#.....<..##..#..#
#......).##.###....
#...ooo..#..#
......
#...@......##
.#....
#.......#...# #...#
#.........#...# ..#
########..#...# ..
..#...## #......#
#..##..# ...


You could see an orc priest and 2 orcs.

Vanquished Creatures
  3 adders (D:2)
  An ooze (D:1)
  2 dart slugs (D:1)
  A leopard gecko (D:2)
  2 orcs (D:3)
  8 goblins
  5 hobgoblins
  4 jackals (D:1)
  2 quokkas (D:2)
  3 ball pythons
  10 bats
  4 frilled lizards (D:2)
  A kobold (D:2)
  A rat (D:1)
47 creatures vanquished.

Vanquished Creatures (others)
  A human (D:2)
1 creature vanquished.

Grand Total: 48 creatures vanquished

Notes
Turn   | Place    | Note
-------+----------+-------------------------------------------
     0 | D:1      | Mirai the Deep Elf Conjurer began the quest for the Orb.
     0 | D:1      | Reached XP level 1. HP: 10/10 MP: 6/6
   137 | D:1      | Reached XP level 2. HP: 15/15 MP: 4/8
   222 | D:1      | Reached skill level 5 in Conjurations
   230 | D:1      | Learned a level 2 spell: Searing Ray
   585 | D:2      | Reached XP level 3. HP: 6/19 MP: 0/9
   587 | D:2      | Gained mutation: You are weak. (Str -2) [potion of mutation]
   587 | D:2      | Gained mutation: You are surrounded by a mild repulsion field. (EV +2) [potion of mutation]
   587 | D:2      | Gained mutation: You can translocate small distances at will. [potion of mutation]
   896 | D:2      | Found a shattered altar of Ashenzari.
  1138 | D:2      | Noticed Natasha
  1276 | D:2      | Reached XP level 4. HP: 17/24 MP: 2/11
  1445 | D:2      | Found an ancient bone altar of Kikubaaqudgha.
  1446 | D:2      | Noticed a human
  1448 | D:2      | Killed a human
  1491 | D:2      | Found a sacrificial altar of Ru.
  1612 | D:3      | Learned a level 4 spell: Iskenderun's Mystic Blast
  1647 | D:3      | Lost strength.
  1648 | D:3      | HP: 1/24 [orc priest/trident (1)]
  1649 | D:3      | Slain by an orc

Skill      XL: |  1  2  3  4 |
---------------+-------------+-----
Conjurations   | 5 |  5.6
Spellcasting   | 4 |  4.0
Dodging        | |  2.8
Stealth        | |  2.9

Action                   |  1- 3 |  4- 6 || total
-------------------------+-------+-------++-------
Melee: Dagger            |     9 |     1 ||    10
 Cast: Magic Dart        |    52 |    26 ||    78
       Searing Ray       |     6 |     1 ||     7
       Iskenderun's Myst |       |     1 ||     1
  Use: Potion            |     4 |     1 ||     5
 Stab: Sleeping          |     1 |       ||     1
  Eat: Chunk             |     1 |     1 ||     2
Armor: Robe              |     8 |     1 ||     9
       Skin              |     2 |       ||     2
Dodge: Dodged            |    26 |    11 ||    37
